 Dungeon Crawl Stone Soup version 0.19-a0-835-gf140595 (webtiles) character file.

79 rageheart7 the Cudgeler (level 4, -1/28 HPs)
             Began as a Gargoyle Monk on June 30, 2016.
             Slain by an adder (2 damage)
             ... on level 2 of the Dungeon.
             The game lasted 00:04:26 (1837 turns).

rageheart7 the Cudgeler (Gargoyle Monk)             Turns: 1837, Time: 00:04:27

Health: -1/28      AC:  6    Str: 12 (14) XL:     4   Next: 37%
Magic:  4/4        EV: 12    Int:  9 (11) God:
Gold:   115        SH:  0    Dex: 11 (13) Spells: 0 memorised, 3 levels left

rFire  . . .     SeeInvis .     a - +0 mace
rCold  . . .     Gourm    .     e - +0 leather armour
rNeg   + . .     Faith    .     (no shield)
rPois  ∞         Spirit   .     (no helmet)
rElec  +         Dismiss  .     (no cloak)
rCorr  .         Reflect  .     (no gloves)
SustAt .         Harm     .     (no boots)
MR     .....                    (no amulet)
Stlth  ++........               (no ring)
                                (no ring)

@: not resistant to hostile enchantments, unstealthy
A: negative energy resistance 1, electricity resistance, unbreathing,
petrification resistance, rot immunity, AC +3
a: no special abilities


You were on level 2 of the Dungeon.
You were not hungry.

You visited 1 branch of the dungeon, and saw 2 of its levels.

You collected 115 gold pieces.

Inventory:

Hand Weapons
 a - a +0 mace (weapon)
Armour
 e - a +0 leather armour (worn)
 f - a +0 chain mail
Scrolls
 g - a scroll of magic mapping {unknown}
 h - a scroll of teleportation
 i - a scroll of random uselessness {unknown}
Comestibles
 b - a beef jerky
 c - 2 bread rations
 d - 2 chunks of flesh


   Skills:
 - Level 3.2 Fighting
 * Level 4.4 Maces & Flails
 + Level 1.5 Armour
 - Level 2.4 Dodging
 + Level 2.8 Stealth


You had 3 spell levels left.
You didn't know any spells.

Dungeon Overview and Level Annotations

Branches:
Dungeon (2/15)

Altars:


Innate Abilities, Weirdness & Mutations

You are resistant to torment.
Your stone body is resilient. (AC +3)
You are immune to poison.
You resist negative energy. (rN+)
You are resistant to electric shocks. (rElec)
You can survive without breathing.
You are immune to petrification.
You are immune to rotting.


Message History

The giant newt closely misses you.
You hit the giant newt.
You kill the giant newt!
The gnoll hits you from afar with a halberd!
* * * LOW HITPOINT WARNING * * *
An adder comes into view.
The adder hisses angrily.
The gnoll hits you but does no damage.
You hit the gnoll.
The gnoll is lightly wounded.
The adder misses you. The gnoll hits you with a halberd.
* * * LOW HITPOINT WARNING * * *
The adder barely misses you. The adder misses you.
The adder bites you but does no damage.
You see here a spear.
The adder bites you but does no damage. The adder bites you.
* * * LOW HITPOINT WARNING * * *
The adder bites you.
You die...

..#...........## #.##..#.#
## .......# #..###.###..#.#
...##....$#
#.#.#.........####
##........#
#.##..####........
.....#...# #.###.#
#..(.....# .......g# #.#
#.# #....###.# #######.#
#.# #.# #...†....# #.#
#.###.###.##.#...#
#.########@##...##.##.#...#
#..)..g.gS.#..........#...#
#############...##.####...#
##.###.# #...# ### #.#
#...# ..# #.... .........#
.######.## #.


You could see 2 gnolls and an adder.

Vanquished Creatures
  A gnoll (D:2)
  2 adders (D:2)
  2 worms (D:2)
  A dart slug (D:2)
  A giant cockroach (D:1)
  5 goblins
  5 hobgoblins
  6 jackals
  5 kobolds
  A quokka (D:2)
  3 bats
  2 giant newts
  6 rats
40 creatures vanquished.

Notes
Turn   | Place    | Note
--------------------------------------------------------------
     0 | D:1      | rageheart7 the Gargoyle Monk began the quest for the Orb.
     0 | D:1      | Reached XP level 1. HP: 14/14 MP: 1/1
   285 | D:1      | Reached XP level 2. HP: 19/19 MP: 2/2
   873 | D:1      | Reached skill level 4 in Maces & Flails
   873 | D:1      | Reached XP level 3. HP: 23/23 MP: 3/3
  1101 | D:2      | HP: 1/23 [worm (5)]
  1577 | D:2      | Reached skill level 1 in Armour
  1604 | D:2      | Reached XP level 4. HP: 28/28 MP: 4/4
  1824 | D:2      | HP: 1/28 [gnoll/halberd (1)]
  1835 | D:2      | HP: 1/28 [adder (1)]
  1837 | D:2      | Slain by an adder

Vault maps used:
D:1:      lightli_arrival_maybe_door_vault
D:2:      lemuel_round_altar, first_bread

Skill      XL: |  1  2  3 |
---------------+----------+-----
Maces & Flails | 4 |  4.4
Armour         | 1 |  1.5
Fighting       | |  3.2
Dodging        | |  2.4
Stealth        | |  2.8

Action                   |  1- 3 |  4- 6 || total
-------------------------+-------+-------++-------
Melee: Mace              |   171 |    25 ||   196
  Use: Scroll            |     3 |       ||     3
       Potion            |     2 |       ||     2
 Stab: Sleeping          |     4 |       ||     4
  Eat: Chunk             |     2 |     1 ||     3
Armor: Robe              |    19 |       ||    19
       Leather armour    |    54 |     6 ||    60
Dodge: Dodged            |   123 |    19 ||   142
